 Dungeon Crawl Stone Soup version 0.31-a0-277-g31ea1f65cc (webtiles) character file.

Game seed: 4913378687487629221

549 LustLizard the Ruffian (level 7, 0/47 HPs)
             Began as an Octopode Shapeshifter on July 15, 2023.
             Slain by an orc
             ... wielding a +0 halberd
              (7 damage)
             ... in a bailey.
             The game lasted 00:06:31 (3108 turns).

LustLizard the Ruffian (Octopode Shapeshifter)      Turns: 3108, Time: 00:06:32

Health: 0/47       AC:  1    Str: 16    XL:     7   Next: 28%
Magic:  7/7        EV: 14    Int: 10    God:
Gold:   275        SH:  0    Dex: 13    Spells: 6/6 levels left

rFire   . .          .
                       - Unarmed
rCold   . . .        (no shield)
rNeg    . . .        (helmet currently unavailable)
rPois   .            (no amulet)
rElec   .            (no ring)
rCorr   .            (no ring)
SInv    .            (no ring)
Will    .....        (no ring)
Stlth   ++           (no ring)
HPRegen 0.27/turn    (no ring)
MPRegen 0.10/turn    (no ring)
                     (no ring)

%: no passive effects
@: beast-form
A: beast (slay +2), almost no armour, amphibious, 8 rings, camouflage 1,
gelatinous body 1, (nimble swimmer 1), tentacles
a: Begin Untransformation


You were in a bailey.
You were a hulking beast.
You visited 1 branch of the dungeon, and saw 5 of its levels.
You also visited: Bailey.

You collected 275 gold pieces.

Inventory:

Talismans
 b - a beast talisman
Scrolls
 f - a scroll of poison {unknown}
 g - 3 scrolls of identify
 h - a scroll of summoning {unknown}
 l - a scroll of vulnerability {unknown}
 q - 2 scrolls of amnesia {unknown}
 r - a scroll of fog {unknown}
Potions
 a - a potion of lignification
 c - a potion of enlightenment
 d - a potion of berserk rage {unknown}
 i - a potion of heal wounds {unknown}
 j - a potion of ambrosia {unknown}
 k - a potion of curing {unknown}
 n - a potion of haste {unknown}
 o - a potion of attraction {unknown}
 p - a potion of might {unknown}
 t - a potion of magic {unknown}


   Skills:
 + Level 3.8 Fighting
 + Level 3.8 Dodging
 * Level 5.1 Unarmed Combat
 + Level 4.1 Shapeshifting


You had 6 spell levels left.
You didn't know any spells.
Your spell library contained the following spells:

 Spells                   Type           Power      Damage    Failure   Level
 Foxfire                  Conj/Fire      0%         2x1d4     36%         1
 Frozen Ramparts          Ice            0%         1d1       75%         3
 Gell's Gravitas          Tloc           0%         N/A       75%         3
 Teleport Other           Tloc           0%         N/A       75%         3
 Petrify                  Tmut/Erth      0%         N/A       98%         4
 Metabolic Englaciation   Hex/Ice        0%         N/A       100%        5
 Dispersal                Tloc           0%         N/A       100%        6
 Plasma Beam              Fire/Air       0%         2x1d10    100%        6
 Starburst                Conj/Fire      0%         6d3       100%        6


Dungeon Overview and Level Annotations

Branches:
Dungeon (7/15)             Bailey (1/1)
 Temple: D:4-7

Altars:
Dithmenos
Kikubaaqudgha
Yredelemnul

Shops:
D:4 (


Innate Abilities, Weirdness & Mutations

You are a hulking beast.
Your limbs bulge with bestial killing power. (Slay +2)
You cannot wear most types of armour.
You are amphibious.
You can wear up to eight rings at the same time.
Your skin changes colour to match your surroundings (Stealth+).
Your rubbery body absorbs attacks. (AC +1, EV +1)
((You are camouflaged when in or above water. (Stealth+)))
You have tentacles for arms and can constrict up to eight enemies at once.


Message History

You squeeze the orc warrior.
The orc warrior is lightly wounded.
You constrict the orc warrior, but do no damage.
You tentacle-slap the orc warrior but do no damage.
You squeeze the orc warrior, but do no damage.
The orc warrior is lightly wounded.
You constrict the orc warrior, but do no damage.
The orc warrior hits you with a +0 spear!
You barely miss the orc warrior. You squeeze the orc warrior!
The orc warrior is heavily wounded.
You constrict the orc warrior.
The orc warrior hits you with a +0 spear!
The orc hits you from afar with a +0 halberd.
You bludgeon the orc warrior!
The orc warrior is almost dead.
You constrict the orc warrior, but do no damage.
The orc warrior hits you with a +0 spear!
* * * LOW HITPOINT WARNING * * *
The orc barely misses you.
You tentacle-slap the orc warrior.
The orc warrior is almost dead.
You constrict the orc warrior, but do no damage.
The orc warrior hits you with a +0 spear.
* * * LOW HITPOINT WARNING * * *
You tentacle-slap the orc warrior but do no damage.
You squeeze the orc warrior, but do no damage.
The orc warrior is almost dead.
You constrict the orc warrior.
You kill the orc warrior!
The orc misses you.
Your Unarmed Combat skill increases to level 5!
Okay, then.
The orc barely misses you.
Things that are here:
a +0 spear; a +0 chain mail; an orc corpse You tentacle-slap the orc.
You grab the orc.
The orc is severely wounded.
You constrict the orc, but do no damage.
The orc hits you with a +0 halberd!
You die...

#### ####### #∩∩##
##...... ##..#
##..~~~~~ #.h##
##..~~....
##o.######..~~..###
#.........(~~..## #
#.~~~~)~)))~..##
#.~.....)....##
#.~.##########
#.~.##.$$
#.~..##.$. #.~~..
#.##


You could see an orc.

Vanquished Creatures
  3 orc warriors
  A scorpion (D:4)
  2 orc priests
  3 gnolls (D:7)
  3 adders
  2 worms
  2 dart slugs (D:1)
  12 orcs
  7 bats
  2 endoplasms (D:3)
  3 giant cockroaches
  8 goblins
  5 hobgoblins
  3 jackals (D:3)
  4 kobolds (D:1)
  5 quokkas
  9 ball pythons
  3 frilled lizards
  3 rats
80 creatures vanquished.

Notes
Turn   | Place    | Note
-------+----------+-------------------------------------------
     0 | D:1      | LustLizard the Octopode Shapeshifter began the quest for
                  | the Orb.
     0 | D:1      | Reached XP level 1. HP: 14/14 MP: 1/1
   396 | D:1      | Reached XP level 2. HP: 16/19 MP: 2/2
   657 | D:1      | Reached XP level 3. HP: 21/24 MP: 3/3
  1803 | D:3      | Found a shadowy altar of Dithmenos.
  1828 | D:3      | Reached skill level 3 in Unarmed Combat
  1841 | D:3      | Reached XP level 4. HP: 26/30 MP: 4/4
  1885 | D:3      | Found an ancient bone altar of Kikubaaqudgha.
  1992 | D:3      | Reached XP level 5. HP: 34/35 MP: 5/5
  2104 | D:3      | Found a faded altar of an unknown god.
  2155 | D:3      | Identified the +2 ring mail "Ubbit" {Int+8}
  2517 | D:4      | Found Neuclag's Antique Weapon Shop.
  2546 | D:4      | You fall into a shaft and drop 3 floors!
  2559 | D:7      | Noticed an orc warrior
  2569 | D:7      | Reached skill level 4 in Unarmed Combat
  2569 | D:7      | Reached XP level 6. HP: 26/42 MP: 6/6
  2615 | D:7      | Killed an orc warrior
  2636 | D:7      | Found a basalt altar of Yredelemnul.
  2760 | D:7      | Noticed a water moccasin
  2765 | D:7      | Noticed a hornet
  2915 | D:7      | Found a flagged portal.
  2924 | Bailey   | Entered a bailey
  2947 | Bailey   | Noticed an orc warrior
  2963 | Bailey   | Killed an orc warrior
  2964 | Bailey   | Reached XP level 7. HP: 22/46 MP: 7/7
  3107 | Bailey   | Reached skill level 5 in Unarmed Combat
  3108 | Bailey   | Slain by an orc

Illustrated notes

Levels and vault maps discovered:
D:1:      zaba_arrival_water, layout_basic, minmay_strange_pillars
D:2:      layout_loops_cross, roderic_lattice_a
D:3:      layout_basic, nicolae_dithmenos_the_darkroom,
          mainiacjoe_overflow_chevrons, hellmonk_ecumenical_altar_blasted,
          kennysheep_orc_chapel
D:4:      layout_cave_pools, serial_shops, shop
D:7:      layout_basic, mainiacjoe_overflow_small_starburst, enter_bailey_6,
          serial_shops, shop, kennysheep_potato
Bailey:   bailey_polearm_1, bailey

Skill      XL: |  1  2  3  4  5  6  7 |
---------------+----------------------+-----
Unarmed Combat | 3 4 5 |  5.1
Fighting       | 3 |  3.8
Dodging        | 3 |  3.8
Shapeshifting  | 4 |  4.1

Action                     |  1- 3 |  4- 6 |  7- 9 || total
---------------------------+-------+-------+-------++-------
  Melee: Unarmed           |    67 |    79 |    12 ||   158
         Constrict         |    23 |    23 |     4 ||    50
         Tentacles         |    12 |    20 |     4 ||    36
         Punch             |     2 |     2 |     1 ||     5
  Throw: Dart              |       |     4 |     2 ||     6
         Throwing net      |       |     1 |       ||     1
    Use: Scroll            |     1 |     2 |       ||     3
   Stab: Sleeping          |    12 |     4 |       ||    16
 Armour: Skin              |     6 |     1 |       ||     7
  Dodge: Dodged            |    26 |    48 |     7 ||    81
         Form:             |     1 |       |       ||     1
         Beast             |     1 |       |       ||     1

Table legend: (Time is in decaauts)
 A = Elapsed time spent in this place.
 B = Non-inter-level travel time spent in this place.
 C = Inter-level travel time spent in this place.
 D = Time resting spent in this place.
 E = Time spent auto-exploring this place.
 F = Levels seen in this place.
 G = Mean time per level.
                   A        B        C        D        E       F      G
               +--------+--------+--------+--------+--------+-----+--------+
         Total |   3096 |   2952 |    144 |    256 |   1889 |   6 |  516.0 |
       Dungeon |   2914 |   2770 |    144 |    171 |   1889 |   5 |  582.8 |
        Bailey |    181 |    181 |      0 |     85 |      0 |   1 |  181.0 |
               +--------+--------+--------+--------+--------+-----+--------+

Top non-repeatable levels by time:
     D:1: 915 daAuts
     D:2: 852 daAuts
     D:3: 742 daAuts
     D:7: 376 daAuts
  Bailey: 181 daAuts
     D:4: 28 daAuts
